AoeStats
← willrhyd

Oasis

509719274Analyzed
4v4 RM · 4d ago on Sep 27, 2026· 49m 6s· 8 players
Game mode
Random Map
Map size
Large (8 player)
Population
200
Speed
Normal
Resources
Standard
Victory
Conquest
Starting age
Dark Age
Ending age
Imperial Age
RankedLock teamsTeams togetherTeam positionsShared explorationLock speedFull tech treeHidden civsTurbo modeCheats
Victory
Defeat
🇩🇪 Bengalis · Germany
1429
+15
🇩🇪 Danes · Germany
1416
+15
🇫🇮 Goths · Finland
1409
+16
🇬🇧 Khitans · United Kingdom
1405
+16
🇹🇼 Teutons · Taiwan
1443
-17
🇧🇷 Khmer · Brazil
1396
-15
🇹🇼 Wei · Taiwan
1383
-15
🇬🇧 Spanish · United Kingdom
1382
-15
JinSoo
6:47 Loom
9:24 Feudal Age
10:57 Double-Bit Axe
11:30 Horse Collar
20:33 Castle Age
19:09 Town Watch
21:13 Fletching
22:06 Bow Saw
22:38 Heavy Plow
22:55 Bodkin Arrow
26:17 Wheelbarrow
26:59 Padded Archer Armor
28:41 Leather Archer Armor
28:14 Pikeman
29:30 Gold Mining
29:31 Stone Mining
30:04 Scale Mail Armor
31:05 Ballistics
31:47 Bloodlines
31:37 Husbandry
33:30 Gold Shaft Mining
33:35 Chain Mail Armor
33:48 Paiks
36:50 Imperial Age
34:32 Squires
34:17 Arson
36:05 Scale Barding Armor
36:51 Halberdier
37:35 Bracer
38:44 Ring Archer Armor
39:20 Chemistry
40:14 Chain Barding Armor
40:37 Conscription
41:29 Two-Man Saw
41:15 Forging
43:15 Iron Casting
44:33 Crop Rotation
45:09 Mahayana
44:28 Elite Elephant Archer
44:33 Elite Skirmisher
46:45 Blast Furnace
46:21 Plate Barding Armor
46:42 Coinage
46:37 Siege Elephant
48:03 Banking
48:20 Siege Engineers
48:25 Masonry
49:31 Hand Cart
Raffgin58
10:39 Feudal Age
15:04 Castle Age
13:13 Double-Bit Axe
13:56 Horse Collar
16:19 Bow Saw
16:39 Fletching
23:57 Heavy Plow
25:07 Wheelbarrow
29:35 Imperial Age
27:23 Gambesons
28:23 Hand Cart
27:33 Pikeman
28:13 Squires
30:21 Scale Mail Armor
30:32 Forging
31:06 Conscription
30:26 Halberdier
31:29 Chain Mail Armor
31:03 Arson
30:52 Onager
33:02 Iron Casting
32:45 Siege Onager
35:52 Ballistics
35:38 Siege Engineers
35:37 Hamask
37:47 Chemistry
38:55 Plate Mail Armor
38:48 Elite Jomsviking
42:27 Blast Furnace
44:46 Loom
47:49 Caravan
47:39 Northmen's Fury
47:59 Elite Varangian Guard
48:02 Man-at-Arms
49:36 Bodkin Arrow
49:42 Padded Archer Armor
49:48 Scale Barding Armor
docsparkles
8:02 Loom
10:07 Feudal Age
10:56 Double-Bit Axe
10:54 Domestication
13:20 Fletching
13:42 Forging
15:22 Scale Barding Armor
22:22 Castle Age
25:14 Husbandry
25:36 Chain Barding Armor
26:16 Iron Casting
31:30 Bow Saw
33:12 Pastoralism
35:26 Wheelbarrow
37:01 Light Cavalry
38:24 Hand Cart
41:07 Imperial Age
40:48 Town Watch
42:55 Plate Barding Armor
42:29 Hussar
44:41 Transhumance
43:40 Elite Steppe Lancer
45:19 Conscription
45:15 Ordo Cavalry
47:08 Heavy Camel Rider
engarvi
8:48 Loom
10:51 Feudal Age
20:49 Castle Age
19:23 Fletching
20:36 Stone Mining
21:03 Crossbowman
22:35 Bodkin Arrow
23:52 Horse Collar
24:51 Double-Bit Axe
26:23 Bow Saw
28:49 Pikeman
32:59 Scale Mail Armor
37:44 Imperial Age
37:03 Chain Mail Armor
36:41 Gold Mining
37:40 Wheelbarrow
38:45 Halberdier
39:10 Capped Ram
40:18 Forging
41:04 Conscription
42:09 Chemistry
41:21 Squires
42:03 Hand Cart
42:05 Heavy Plow
45:27 Perfusion
46:42 Iron Casting
49:29 Blast Furnace
偷偷
6:23 Loom
9:13 Feudal Age
10:27 Double-Bit Axe
10:43 Horse Collar
13:57 Wheelbarrow
20:02 Castle Age
18:29 Gold Mining
19:08 Scale Barding Armor
19:16 Bloodlines
21:11 Bow Saw
23:57 Hand Cart
24:24 Heavy Plow
24:53 Stone Mining
26:33 Chain Barding Armor
28:08 Stone Shaft Mining
30:58 Fletching
31:20 Forging
31:31 Town Watch
35:01 Imperial Age
32:41 Caravan
33:13 Coinage
33:33 Stone Shaft Mining
34:20 Iron Casting
33:36 Fletching
34:12 Ironclad
35:14 Cavalier
36:17 Conscription
37:25 Plate Barding Armor
38:15 Blast Furnace
36:53 Onager
39:18 Two-Man Saw
39:43 Paladin
42:55 Bodkin Arrow
43:44 Hoardings
44:09 Fortified Wall
44:44 Hoardings
44:31 Crenellations
43:41 Elite Teutonic Knight
44:28 Scale Mail Armor
45:08 Hoardings
45:24 Chain Mail Armor
46:37 Masonry
47:39 Crop Rotation
飛衫走奶
6:53 Loom
8:59 Feudal Age
9:50 Double-Bit Axe
11:51 Horse Collar
18:24 Wheelbarrow
18:15 Gold Mining
18:17 Stone Mining
22:25 Castle Age
21:20 Forging
21:15 Scale Barding Armor
21:55 Bloodlines
30:58 Husbandry
33:24 Gold Shaft Mining
33:01 Heavy Plow
34:34 Iron Casting
34:33 Tuntian
36:01 Chain Barding Armor
35:32 Fletching
36:58 Hand Cart
38:05 Bodkin Arrow
39:17 Stone Shaft Mining
39:14 Scale Mail Armor
41:10 Ballistics
40:30 Treadmill Crane
40:46 Murder Holes
41:21 Bow Saw
44:22 Imperial Age
42:51 Chain Mail Armor
42:38 Padded Archer Armor
44:23 Elite Tiger Cavalry
45:33 Ming Guang Armor
45:30 Conscription
45:33 Squires
45:19 Arson
46:54 Blast Furnace
46:07 Bracer
46:02 Pikeman
47:40 Halberdier
PedrodeMatos
8:11 Loom
10:30 Feudal Age
11:05 Double-Bit Axe
12:52 Fletching
17:42 Castle Age
16:04 Gold Mining
16:28 Horse Collar
17:56 Padded Archer Armor
17:55 Crossbowman
23:56 Wheelbarrow
23:44 Bodkin Arrow
26:16 Ballistics
28:49 Masonry
36:18 Hand Cart
37:48 Heavy Plow
40:58 Imperial Age
42:05 Bow Saw
42:22 Double Crossbow
43:20 Scale Barding Armor
45:39 Siege Engineers
47:10 Bloodlines
48:02 Chemistry
willrhyd
8:30 Feudal Age
9:29 Loom
10:42 Double-Bit Axe
17:18 Castle Age
16:16 Padded Archer Armor
15:58 Horse Collar
16:41 Gold Mining
18:22 Bow Saw
19:28 Wheelbarrow
27:13 Leather Archer Armor
27:17 Bloodlines
27:58 Husbandry
30:17 Hand Cart
33:23 Imperial Age
31:58 Town Watch
33:47 Elite Conquistador
36:49 Ring Archer Armor
41:54 Chemistry
41:05 Masonry
41:39 Scale Barding Armor
41:44 Forging
42:45 Light Cavalry
43:47 Chain Barding Armor
44:03 Iron Casting
Connection lost

Rejoining the realm…

Still unreachable

The connection could not be restored.

Session expired

The server has moved on; the page needs a fresh start.